SNL (28 & UNDER)
MEMPHIS BLUES @ WEST VIRGINIA POWER
04/24/2027
 
TOP OF THE 1ST
Memphis Blues batting - Pitching for West Virginia Power : RHP Horace Jacobs
Pitching: RHP Horace Jacobs
Batting: SHB Terry Dailey 0-0: Ball
1-0: Swinging Strike
1-1: Ground out 6-3 (Groundball, 56)
Batting: RHB Jorge Domínguez 0-0: Foul Ball, location: 2F
0-1: Ground out 1-3 (Groundball, 15S)
Batting: LHB Chris Austin 0-0: Foul Ball, location: 2F
0-1: Ball
1-1: Called Strike
1-2: Strikes out swinging
Top of the 1st over - 0 run(s), 0 hit(s), 0 error(s), 0 left on base; Memphis 0 - West Virginia 0
BOTTOM OF THE 1ST
West Virginia Power batting - Pitching for Memphis Blues : RHP Mike Clay
Pitching: RHP Mike Clay
Batting: LHB Júlio Martínez 0-0: Ground out 4-3 (Groundball, 4)
Batting: RHB Brett Bell 0-0: Ball
1-0: Fly out, F9 (Line Drive, 9)
Batting: RHB Dave McGrath 0-0: Called Strike
0-1: Ball
1-1: Foul Ball, location: 2F
1-2: Ground out U3 (Groundball, 34)
Bottom of the 1st over - 0 run(s), 0 hit(s), 0 error(s), 0 left on base; Memphis 0 - West Virginia 0
TOP OF THE 2ND
Memphis Blues batting - Pitching for West Virginia Power : RHP Horace Jacobs
Batting: LHB Arturo Rivera 0-0: Ball
1-0: Called Strike
1-1: SINGLE (Groundball, 34D)
Batting: RHB Glenn Melican 0-0: Ball
1-0: Fly out, F9 (Line Drive, 89S)
Batting: RHB Dave Wookey 0-0: Ball
Arturo Rivera steals 2nd base
1-0: Ball
2-0: Fly out, F6 (Line Drive, 6)
Batting: LHB Alan McGilroy 0-0: Called Strike
0-1: Foul Ball, location: 2F
0-2: Strikes out swinging
Top of the 2nd over - 0 run(s), 1 hit(s), 0 error(s), 1 left on base; Memphis 0 - West Virginia 0
BOTTOM OF THE 2ND
West Virginia Power batting - Pitching for Memphis Blues : RHP Mike Clay
Batting: RHB Aaron Murray 0-0: Foul Ball, location: 2F
0-1: Ball
1-1: Ball
2-1: Ball
3-1: Base on Balls
Batting: LHB Héctor Soto 0-0: Ball
1-0: Ball
2-0: Ball
3-0: Called Strike
3-1: Foul Ball, location: 2F
3-2: Foul Ball, location: 2F
3-2: SINGLE (Flyball, 8LS)
Aaron Murray to second
Aaron Murray to third
Batting: RHB Jesse Moore 0-0: Called Strike
0-1: Ball
1-1: Swinging Strike
1-2: Ground out 5-3 (Groundball, 56S)
Aaron Murray scores
Héctor Soto to second
Batting: RHB Ron Guillén 0-0: Ball
1-0: Called Strike
1-1: Ball
2-1: Called Strike
2-2: Foul Ball, location: 2F
2-2: Ball
3-2: Strikes out swinging
Batting: RHB Jesse McKnight 0-0: Ball
1-0: Called Strike
1-1: Ball
2-1: Ball
3-1: Base on Balls
Batting: SHB Waylon Adams 0-0: Ball
1-0: Called Strike
1-1: Foul Ball, location: 2F
1-2: Strikes out swinging
Bottom of the 2nd over - 1 run(s), 1 hit(s), 0 error(s), 2 left on base; Memphis 0 - West Virginia 1
TOP OF THE 3RD
Memphis Blues batting - Pitching for West Virginia Power : RHP Horace Jacobs
Batting: RHB Irwin Duncan 0-0: Ball
1-0: Foul Ball, location: 2F
1-1: Ball
2-1: Foul Ball, location: 2F
2-2: Strikes out swinging
Batting: RHB Salvador Mendoza 0-0: Called Strike
0-1: Swinging Strike
0-2: Strikes out swinging
Batting: SHB Terry Dailey 0-0: Ball
1-0: Foul Ball, location: 2F
1-1: Called Strike
1-2: Ball
2-2: Fly out, F8 (Flyball, 8RM)
Top of the 3rd over - 0 run(s), 0 hit(s), 0 error(s), 0 left on base; Memphis 0 - West Virginia 1
BOTTOM OF THE 3RD
West Virginia Power batting - Pitching for Memphis Blues : RHP Mike Clay
Batting: LHB Júlio Martínez 0-0: Called Strike
0-1: Foul Ball, location: 2F
0-2: Ball
1-2: Ball
2-2: Ball
3-2: Base on Balls
Batting: RHB Brett Bell 0-0: Swinging Strike
0-1: Foul Ball, location: 2F
0-2: Ball
1-2: Strikes out looking
Batting: RHB Dave McGrath 0-0: Ball
1-0: Foul Ball, location: 2F
1-1: Ball
2-1: Fly out, F9 (Flyball, 9LS)
Batting: RHB Aaron Murray 0-0: Called Strike
0-1: Ball
1-1: Ball
2-1: Ball
3-1: Fly out, F4 (Popup, 4)
Bottom of the 3rd over - 0 run(s), 0 hit(s), 0 error(s), 1 left on base; Memphis 0 - West Virginia 1
TOP OF THE 4TH
Memphis Blues batting - Pitching for West Virginia Power : RHP Horace Jacobs
Batting: RHB Jorge Domínguez 0-0: Ball
1-0: Foul Ball, location: 2F
1-1: Ball
2-1: Foul Ball, location: 2F
2-2: Ball
3-2: Foul Ball, location: 2F
3-2: Base on Balls
Batting: LHB Chris Austin 0-0: Called Strike
0-1: Swinging Strike
0-2: SINGLE (Line Drive, 3L)
Jorge Domínguez to second
Runner from 2nd tries for 3rd, SAFE, no throw
Batting: LHB Arturo Rivera 0-0: Ball
1-0: Called Strike
1-1: Foul Ball, location: 2F
1-2: Ball
2-2: Ball
3-2: Foul Ball, location: 2F
3-2: SINGLE (Groundball, 4MD)
Jorge Domínguez scores
Chris Austin to second
Runner from 2nd tries for 3rd, SAFE, throw made to third
Batting: RHB Glenn Melican 0-0: Ball
1-0: Foul Ball, location: 2F
1-1: Ball
2-1: Ball
Wild Pitch!
Chris Austin scores
Arturo Rivera to second
3-1: Base on Balls
Batting: RHB Dave Wookey 0-0: Foul Ball, location: 2F
0-1: Ball
1-1: Swinging Strike
1-2: Strikes out looking
Batting: LHB Alan McGilroy 0-0: Called Strike
Arturo Rivera steals 3rd base
Glenn Melican to second
0-1: Foul Ball, location: 2F
0-2: Strikes out swinging
Batting: RHB Irwin Duncan 0-0: Ball
1-0: Fly out, F8 (Flyball, 8RD)
Top of the 4th over - 2 run(s), 2 hit(s), 0 error(s), 2 left on base; Memphis 2 - West Virginia 1
BOTTOM OF THE 4TH
West Virginia Power batting - Pitching for Memphis Blues : RHP Mike Clay
Batting: LHB Héctor Soto 0-0: Foul Ball, location: 2F
0-1: Foul Ball, location: 2F
0-2: Ball
1-2: Foul Ball, location: 2F
1-2: Ball
2-2: DOUBLE (Flyball, 8RXD) - OUT at third base trying to stretch hit.
Batting: RHB Jesse Moore 0-0: Ball
1-0: Ball
2-0: SINGLE (Groundball, 6D)
Batting: RHB Ron Guillén 0-0: Called Strike
0-1: Foul Ball, location: 2F
0-2: Ball
1-2: Ball
Jesse Moore steals 2nd base
2-2: Foul Ball, location: 2F
2-2: Ball
3-2: Foul Ball, location: 2F
3-2: SINGLE (Flyball, 7LS)
Jesse Moore to third
Runner from 3rd tries for Home, SAFE, throw made home
Ron Guillén to second
Batting: RHB Jesse McKnight 0-0: Ball
1-0: Foul Ball, location: 2F
1-1: DOUBLE (Groundball, 3L)
Ron Guillén scores
Batting: SHB Waylon Adams 0-0: Fly out, F7 (Flyball, 78M)
Batting: LHB Júlio Martínez 0-0: Ball
1-0: Swinging Strike
1-1: SINGLE (Flyball, 89S)
Jesse McKnight to third
Runner from 3rd tries for Home, SAFE, no throw
Batting: RHB Brett Bell 0-0: Ball
1-0: Called Strike
1-1: Swinging Strike
1-2: Foul Ball, location: 2F
1-2: SINGLE (Groundball, 5D)
Júlio Martínez to second
Batting: RHB Dave McGrath 0-0: Foul Ball, location: 2F
0-1: SINGLE (Groundball, 4MD)
Júlio Martínez to third
Brett Bell to second
Runner from 3rd tries for Home, SAFE, throw made at trailing runner, SAFE at third!
Batting: RHB Aaron Murray 0-0: Called Strike
0-1: Ball
1-1: Ball
2-1: Fly out, F9 (Flyball, 89D)
Bottom of the 4th over - 4 run(s), 7 hit(s), 0 error(s), 2 left on base; Memphis 2 - West Virginia 5
TOP OF THE 5TH
Memphis Blues batting - Pitching for West Virginia Power : RHP Horace Jacobs
Batting: RHB Salvador Mendoza 0-0: Called Strike
0-1: Foul Ball, location: 2F
0-2: Ball
1-2: Ball
2-2: Strikes out swinging
Batting: SHB Terry Dailey 0-0: Ball
1-0: Called Strike
1-1: Ball
2-1: Swinging Strike
2-2: Foul Ball, location: 2F
2-2: Ball
3-2: Strikes out looking
Batting: RHB Jorge Domínguez 0-0: Ground out 6-3 (Groundball, 6)
Top of the 5th over - 0 run(s), 0 hit(s), 0 error(s), 0 left on base; Memphis 2 - West Virginia 5
BOTTOM OF THE 5TH
West Virginia Power batting - Pitching for Memphis Blues : RHP Mike Clay
Pitching: LHP António Dávila
Batting: LHB Héctor Soto 0-0: Foul Ball, location: 2F
0-1: Ball
1-1: Ball
2-1: Swinging Strike
2-2: Foul Ball, location: 2F
2-2: Foul Ball, location: 2F
2-2: Ball
3-2: Base on Balls
Batting: RHB Jesse Moore 0-0: 2-RUN HOME RUN (Flyball, 9D), Distance : 354 ft
Batting: RHB Ron Guillén 0-0: Ground out 5-3 (Groundball, 56)
Batting: RHB Jesse McKnight 0-0: Called Strike
0-1: Called Strike
0-2: Ball
1-2: Strikes out swinging
Batting: SHB Waylon Adams 0-0: Ball
1-0: Ball
2-0: Foul Ball, location: 2F
2-1: Ball
3-1: Foul Ball, location: 2F
3-2: Base on Balls
Batting: LHB Júlio Martínez 0-0: Ball
1-0: Fielders Choice at 2nd, 4-6 (Groundball, 4)
Bottom of the 5th over - 2 run(s), 1 hit(s), 0 error(s), 0 left on base; Memphis 2 - West Virginia 7
TOP OF THE 6TH
Memphis Blues batting - Pitching for West Virginia Power : RHP Horace Jacobs
Batting: LHB Chris Austin 0-0: Foul Ball, location: 2F
0-1: Fly out, F7 (Flyball, 7S)
Batting: LHB Arturo Rivera 0-0: Called Strike
0-1: Foul Ball, location: 2F
0-2: Ball
1-2: Ball
2-2: Foul Ball, location: 2F
2-2: Strikes out swinging
Batting: RHB Glenn Melican 0-0: Ball
1-0: Swinging Strike
1-1: Called Strike
1-2: Foul Ball, location: 2F
1-2: SINGLE (Flyball, 6MD)
Batting: RHB Dave Wookey 0-0: Ball
1-0: Ball
2-0: Swinging Strike
2-1: Fielders Choice at 2nd, 4-6 (Groundball, 4)
Top of the 6th over - 0 run(s), 1 hit(s), 0 error(s), 0 left on base; Memphis 2 - West Virginia 7
BOTTOM OF THE 6TH
West Virginia Power batting - Pitching for Memphis Blues : LHP António Dávila
Batting: RHB Brett Bell 0-0: Called Strike
0-1: Ground out 4-3 (Groundball, 4S)
Batting: RHB Dave McGrath 0-0: Ball
1-0: Ball
2-0: SINGLE (Groundball, 4MD)
Batting: RHB Aaron Murray 0-0: Called Strike
0-1: Foul Ball, location: 2F
0-2: Ball
1-2: Foul Ball, location: 2F
1-2: DOUBLE (Flyball, 9)
Dave McGrath to third
Dave McGrath scores
Batting: LHB Héctor Soto 0-0: Called Strike
0-1: Swinging Strike
0-2: Strikes out swinging
Batting: RHB Jesse Moore 0-0: Ground out 5-3 (Groundball, 56)
Bottom of the 6th over - 1 run(s), 2 hit(s), 0 error(s), 1 left on base; Memphis 2 - West Virginia 8
TOP OF THE 7TH
Memphis Blues batting - Pitching for West Virginia Power : RHP Horace Jacobs
Batting: LHB Alan McGilroy 0-0: Foul Ball, location: 2F
0-1: Swinging Strike
0-2: Ball
1-2: Foul Ball, location: 2F
1-2: Reached on error, E4 (Groundball, 34)
Pitching: RHP Brad Flores
Batting: RHB Irwin Duncan 0-0: Swinging Strike
0-1: Ball
1-1: Foul Ball, location: 2F
1-2: Ball
2-2: 2-RUN HOME RUN (Flyball, 7D), Distance : 368 ft
Batting: RHB Salvador Mendoza 0-0: Called Strike
0-1: Ball
1-1: Swinging Strike
1-2: Ball
2-2: Fly out, F8 (Flyball, 89M)
Batting: SHB Terry Dailey 0-0: Ball
1-0: Foul Ball, location: 2F
1-1: Ball
2-1: Ball
3-1: Base on Balls
Batting: RHB Jorge Domínguez 0-0: Ball
1-0: Ground out 5-3 (Groundball, 56S)
Terry Dailey to second
Batting: LHB Chris Austin 0-0: DOUBLE (Flyball, 8LXD)
Terry Dailey scores
Batting: LHB Arturo Rivera 0-0: Called Strike
0-1: Fly out, F9 (Flyball, 89XD)
Top of the 7th over - 3 run(s), 2 hit(s), 1 error(s), 1 left on base; Memphis 5 - West Virginia 8
BOTTOM OF THE 7TH
West Virginia Power batting - Pitching for Memphis Blues : LHP António Dávila
Pitching: RHP Dustin Taylor
Batting: RHB Ron Guillén 0-0: Ball
1-0: Swinging Strike
1-1: Ball
2-1: Ball
3-1: Base on Balls
Batting: RHB Jesse McKnight 0-0: Bunted foul
0-1: Sac Bunt - play at first, batter OUT! 5-4
Ron Guillén to second
Batting: SHB Waylon Adams 0-0: Intentional Walk
Batting: LHB Júlio Martínez 0-0: SINGLE (Line Drive, 78S)
Ron Guillén to third
Waylon Adams to second
Batting: RHB Brett Bell 0-0: Ball
1-0: Ball
2-0: Ball
3-0: Base on Balls
Ron Guillén scores
Waylon Adams to third
Júlio Martínez to second
Batting: RHB Dave McGrath 0-0: Fielders Choice at 2nd, 4-6 (Groundball, 4)
Waylon Adams scores
Júlio Martínez to third
Batting: RHB Aaron Murray 0-0: Ball
1-0: Called Strike
1-1: Swinging Strike
1-2: Foul Ball, location: 2F
1-2: Ball
2-2: Ball
3-2: Base on Balls
Dave McGrath to second
Batting: LHB Héctor Soto 0-0: Ball
1-0: Swinging Strike
1-1: Swinging Strike
1-2: DOUBLE (Line Drive, 78M)
Júlio Martínez scores
Dave McGrath scores
Aaron Murray to third
Runner from 3rd tries for Home, SAFE, no throw
Pitching: RHP David Bates
Batting: RHB Jesse Moore 0-0: Ball
1-0: Ground out 5-3 (Groundball, 5)
Bottom of the 7th over - 5 run(s), 2 hit(s), 0 error(s), 1 left on base; Memphis 5 - West Virginia 13
TOP OF THE 8TH
Memphis Blues batting - Pitching for West Virginia Power : RHP Brad Flores
Batting: RHB Glenn Melican 0-0: Foul Ball, location: 2F
0-1: Ball
1-1: Ball
2-1: Ball
3-1: Base on Balls
Batting: RHB Dave Wookey 0-0: Ball
1-0: Swinging Strike
1-1: Swinging Strike
1-2: SINGLE (Line Drive, 56)
Glenn Melican to second
Batting: LHB Alan McGilroy 0-0: Called Strike
0-1: Foul Ball, location: 2F
0-2: SINGLE (Groundball, 3D)
Glenn Melican to third
Dave Wookey to second
Runner from 3rd tries for Home, throw and OUT!
Batting: RHB Irwin Duncan 0-0: Ball
1-0: Called Strike
1-1: Called Strike
1-2: Foul Ball, location: 2F
1-2: Foul Ball, location: 2F
1-2: Strikes out swinging
Batting: RHB Salvador Mendoza 0-0: Ball
1-0: Ball
2-0: Fielders Choice at 2nd, 4-6 (Groundball, 4)
Top of the 8th over - 0 run(s), 2 hit(s), 0 error(s), 1 left on base; Memphis 5 - West Virginia 13
BOTTOM OF THE 8TH
West Virginia Power batting - Pitching for Memphis Blues : RHP David Bates
Batting: RHB Ron Guillén 0-0: Called Strike
0-1: Swinging Strike
0-2: Ball
1-2: SINGLE (Groundball, 4MD)
Batting: RHB Jesse McKnight 0-0: Ball
1-0: Ball
2-0: Ball
3-0: Called Strike
3-1: Base on Balls
Ron Guillén to second
Batting: SHB Waylon Adams 0-0: Called Strike
0-1: Grounds into double play, 6-4-3 (Groundball, 6)
Ron Guillén to third
Batting: LHB Júlio Martínez 0-0: Swinging Strike
0-1: Called Strike
0-2: Ball
1-2: Foul Ball, location: 2F
1-2: Fly out, F6 (Popup, 6D)
Bottom of the 8th over - 0 run(s), 1 hit(s), 0 error(s), 1 left on base; Memphis 5 - West Virginia 13
TOP OF THE 9TH
Memphis Blues batting - Pitching for West Virginia Power : RHP Brad Flores
Batting: SHB Terry Dailey 0-0: Ball
1-0: Called Strike
1-1: Called Strike
1-2: Ball
2-2: Foul Ball, location: 2F
2-2: Foul Ball, location: 2F
2-2: Ball
3-2: Fly out, F5 (Popup, 5D)
Batting: RHB Jorge Domínguez 0-0: Ball
1-0: Called Strike
1-1: Ball
2-1: Called Strike
2-2: Foul Ball, location: 2F
2-2: Foul Ball, location: 2F
2-2: Ball
3-2: Strikes out looking
Batting: LHB Chris Austin 0-0: Ball
1-0: Ball
2-0: Called Strike
2-1: Foul Ball, location: 2F
2-2: Ball
3-2: Strikes out looking
Top of the 9th over - 0 run(s), 0 hit(s), 0 error(s), 0 left on base; Memphis 5 - West Virginia 13
Thursday, March 30th, 2017 - OOTP Baseball 17.12 Build 75